 Dungeon Crawl Stone Soup version 0.27-a0-972-gd1521fd518 (webtiles) character file.

Game seed: 12309505443112492851

9 tardwrangler69 the Digger (level 2, -1/20 HPs)
             Began as a Draconian Earth Elementalist on Apr 13, 2021.
             Slain by a hobgoblin (2 damage)
             ... on level 1 of the Dungeon.
             The game lasted 00:00:32 (423 turns).

tardwrangler69 the Digger (DrEE)                     Turns: 423, Time: 00:00:32

Health: -1/20      AC:  4    Str: 10    XL:     2   Next: 6%
Magic:  1/5        EV: 12    Int: 15    God:
Gold:   15         SH:  0    Dex: 11    Spells: 4/5 levels left

rFire    . . .     SeeInvis .   (no weapon)
rCold    . . .     Faith    .   (no shield)
rNeg     . . .     Spirit   .   (armour unavailable)
rPois    .         Reflect  .   (helmet restricted)
rElec    .         Harm     .   (no cloak)
rCorr    .         Rampage  .   (no gloves)
Will     .....                  (no boots)
Stlth    ++........             (no amulet)
HPRegen  0.06/turn              (no ring)
MPRegen  0.09/turn              (no ring)

@: no status effects
A: AC +4, unfitting armour, cold-blooded
a: no special abilities


You were on level 1 of the Dungeon.
You visited 1 branch of the dungeon, and saw 1 of its levels.

You collected 15 gold pieces.

Inventory:

Missiles
 b - 26 stones
Scrolls
 a - a scroll of brand weapon {unknown}
 e - a scroll of enchant weapon {unknown}
Potions
 c - a potion of haste {unknown}
 d - 2 potions of attraction {unknown}


   Skills:
 - Level 1.7 Dodging
 - Level 1.7 Stealth
 + Level 2.2 Spellcasting
 - Level 1.0 Transmutations
 * Level 3.4 Earth Magic


You had 4 spell levels left.
You knew the following spells:

 Your Spells              Type           Power      Damage    Failure   Level
a - Sandblast             Erth           24%        2d8       5%          1

Your spell library contained the following spells:

 Spells                   Type           Power      Damage    Failure   Level
 Passwall                 Tmut/Erth      6%         N/A       13%         2
 Stone Arrow              Conj/Erth      12%        3d7       32%         3
 Petrify                  Tmut/Erth      8%         N/A       65%         4
 Lee's Rapid Deconstruct  Erth           6%         3d7*      82%         5


Dungeon Overview and Level Annotations

Branches:
Dungeon (1/15)

Altars:


Innate Abilities, Weirdness & Mutations

Your plain brown scales are hard. (AC +4)
You cannot fit into any form of body armour.
You are cold-blooded and may be slowed by cold attacks.


Message History

* * * LOW HITPOINT WARNING * * *
Casting: Sandblast (safe; 5% risk of failure)
Confirm with . or Enter, or press ? or * to list all spells.
You don't know that spell.
Casting: Sandblast (safe; 5% risk of failure)
Confirm with . or Enter, or press ? or * to list all spells.
Aiming: Sandblast (safe; 5% risk of failure)
Press: ? - help, Shift-Dir - straight line, f - hobgoblin
Aim: a hobgoblin, wearing a +0 ring mail (heavily wounded, 18% to evade)
The blast of sand hits the hobgoblin but does no damage.
The hobgoblin is heavily wounded.
The hobgoblin misses you.
Casting: Sandblast (safe; 5% risk of failure)
Confirm with . or Enter, or press ? or * to list all spells.
You don't have enough magic to cast this spell.
You see here a staff of death.
f - a staff of death The bat hits you but does no damage.
The hobgoblin hits you but does no damage.
Really attack while wielding nothing? [Y]es or [N]o only, please.
Really attack while wielding nothing? [Y]es or [N]o only, please.
Really attack while wielding nothing? [Y]es or [N]o only, please.
Really attack while wielding nothing?
Okay, then.
You drop a staff of death.
The bat hits you but does no damage. The hobgoblin barely misses you.
The bat closely misses you.
You hit the bat.
The bat is moderately wounded.
The bat hits you but does no damage.
The hobgoblin hits you but does no damage.
The bat barely misses you. The bat hits you but does no damage.
The hobgoblin hits you.
* * * LOW HITPOINT WARNING * * *
You closely miss the bat.
The bat is moderately wounded.
The bat barely misses you. The hobgoblin hits you.
You die...

#....# #.# #.####
#.# #.# #.#
#####.##### #.#
#.........# #.# ##
#.###.###.####.# ...
#.# #.#.....##.# #..
#|###.#.....##.#
#..##@g............#
#.....###.#.....####
#.###b# #.......# ##
#.# ##.###.##
..##..###.###.#
##.###
......b†.$....#
#...####
#..##..##.##..##
##.#..... #...
#.#....###.#######
...#. #...#.....##


You could see a hobgoblin and a bat.

Vanquished Creatures
  2 endoplasms (D:1)
  2 giant cockroaches (D:1)
  A hobgoblin (D:1)
  4 ball pythons (D:1)
9 creatures vanquished.

Notes
Turn   | Place    | Note
-------+----------+-------------------------------------------
     0 | D:1      | tardwrangler69 the Draconian Earth Elementalist began the
                  | quest for the Orb.
     0 | D:1      | Reached XP level 1. HP: 14/14 MP: 3/3
   400 | D:1      | Reached XP level 2. HP: 11/20 MP: 1/5
   422 | D:1      | HP: 1/20 [hobgoblin (3)]
   423 | D:1      | Slain by a hobgoblin

Illustrated notes

Levels and vault maps discovered:
D:1:      pf_arrival_petrified_forest, layout_loops_ring,
          hellmonk_ecumenical_altar_arch_garden, minmay_close_crescents

Action                   || total
-------------------------++-------
Melee: Unarmed           ||    53
       Tailslap          ||     6
 Cast: Sandblast         ||     4
 Stab: Sleeping          ||     1
Armor: Skin              ||    26
Dodge: Dodged            ||    44

Table legend: (Time is in decaauts)
 A = Elapsed time spent in this place.
 B = Non-inter-level travel time spent in this place.
 C = Inter-level travel time spent in this place.
 D = Time resting spent in this place.
 E = Time spent auto-exploring this place.
 F = Levels seen in this place.
 G = Mean time per level.
                   A        B        C        D        E       F      G
               +--------+--------+--------+--------+--------+-----+--------+
         Total |    423 |    423 |      0 |      0 |    329 |   1 |  423.0 |
       Dungeon |    423 |    423 |      0 |      0 |    329 |   1 |  423.0 |
               +--------+--------+--------+--------+--------+-----+--------+

Top non-repeatable levels by time:
     D:1: 423 daAuts
